 Dungeon Crawl Stone Soup version 0.30.0-7-g0c4daa9e05 (webtiles) character file.

Game seed: 11425149393072795206

115 Atelerd the Sneak (level 5, 0/31 HPs)
             Began as an Octopode Earth Elementalist on May 13, 2023.
             Slain by a gnoll
             ... wielding a +0 flail
              (5 damage)
             ... on level 3 of the Dungeon.
             The game lasted 00:02:22 (2473 turns).

Atelerd the Sneak (Octopode Earth Elementalist)     Turns: 2473, Time: 00:02:23

Health: 0/31       AC:  1    Str:  8    XL:     5   Next: 0%
Magic:  3/8        EV: 13    Int: 19    God:
Gold:   111        SH:  0    Dex: 12    Spells: 4/9 levels left

rFire   . . .        j - +0 dagger
rCold   . . .        (no shield)
rNeg    . . .        (helmet restricted)
rPois   .            (no amulet)
rElec   .            (no ring)
rCorr   .            (no ring)
SInv    .            (no ring)
Will    .....        (no ring)
Stlth   +++          (no ring)
HPRegen 0.25/turn    (no ring)
MPRegen 0.11/turn    (no ring)
                     (no ring)

%: no passive effects
@: very slightly contaminated
A: almost no armour, amphibious, 8 rings, camouflage 1, gelatinous body 1,
(nimble swimmer 1), tentacles
a: no special abilities


You were on level 3 of the Dungeon.
You visited 1 branch of the dungeon, and saw 3 of its levels.

You collected 111 gold pieces.

Inventory:

Hand Weapons
 j - a +0 dagger (weapon)
Scrolls
 b - 2 scrolls of poison {unknown}
 c - a scroll of teleportation {unknown}
 d - 2 scrolls of butterflies {unknown}
 e - 2 scrolls of enchant weapon {unknown}
 f - 3 scrolls of identify {unknown}
 i - 3 scrolls of fog {unknown}
 k - a scroll of magic mapping {unknown}
 l - a scroll of blinking {unknown}
 m - a scroll of fear {unknown}
 n - a scroll of vulnerability {unknown}
 o - a scroll of immolation {unknown}
Potions
 a - a potion of magic
 g - a potion of ambrosia {unknown}
 h - a potion of brilliance {unknown}


   Skills:
 - Level 2.0 Dodging
 + Level 4.0 Stealth
 + Level 2.6 Spellcasting
 * Level 2.6 Transmutations
 * Level 3.8 Earth Magic


You had 4 spell levels left.
You knew the following spells:

 Your Spells              Type           Power      Damage    Failure   Level
a - Sandblast             Erth           34%        2d9       3%          1
p - Petrify               Tmut/Erth      14%        N/A       38%         4

Your spell library contained the following spells:

 Spells                   Type           Power      Damage    Failure   Level
 Passwall                 Tmut/Erth      11%        N/A       6%          2
 Stone Arrow              Conj/Erth      18%        3d8       22%         3
 Ensorcelled Hibernation  Hex/Ice        4%         N/A       24%         2
 Spider Form              Tmut/Pois      7%         N/A       28%         3
 Anguish                  Hex/Necr       1%         N/A       85%         4
 Lehudib's Crystal Spear  Conj/Erth      4%         10d3      100%        8
 Animate Armour           Summ/Erth      Unusable   N/A       N/A         4

Dungeon Overview and Level Annotations

Branches:
Dungeon (3/15)

Altars:

Annotations:
D:2 exclusion: 2 downstairs


Innate Abilities, Weirdness & Mutations

You cannot wear most types of armour.
You are amphibious.
You can wear up to eight rings at the same time.
Your skin changes colour to match your surroundings (Stealth+).
Your rubbery body absorbs attacks. (AC +1, EV +1)
((You are camouflaged when in or above water. (Stealth+)))
You have tentacles for arms and can constrict up to eight enemies at once.


Message History

Nothing appears to happen.
The gnoll shouts!
The blast of sand hits the gnoll.
The gnoll is heavily wounded.
The gnoll barely misses you.
The blast of sand hits the gnoll.
The gnoll is severely wounded.
The gnoll hits you from afar with a +0 spear!
The gnoll hits you with a +0 flail! The gnoll misses you.
The gnoll hits you from afar with a +0 spear.
You are too injured to fight recklessly!
You are too injured to fight recklessly!
You are too injured to fight recklessly!
The gnoll attacks as you move away! The gnoll completely misses you.
Your magical contamination has completely faded away.
The gnoll attacks as you move away! The gnoll misses you.
The gnoll attacks as you move away! The gnoll hits you with a +0 flail!
* * * LOW HITPOINT WARNING * * *
You aren't carrying any pieces of jewellery.
Sorry, you're not good enough to have a special ability.
Unknown command.
Casting: Sandblast (safe; 3% risk of failure)
Confirm with . or Enter, or press ? or * to list all spells.
Aiming: Sandblast (safe; 3% risk of failure)
Press: ? - help, Shift-Dir - straight line, f/p - gnoll
Aim: a gnoll, wielding a +0 flail (severely wounded, 84% to hit)
You miscast Sandblast.
You are very lightly contaminated with residual magic.
Nothing appears to happen.
The gnoll barely misses you.
Unknown command.
Casting: Sandblast (safe; 3% risk of failure)
Confirm with . or Enter, or press ? or * to list all spells.
Aiming: Sandblast (safe; 3% risk of failure)
Press: ? - help, Shift-Dir - straight line, f/p - gnoll
Aim: a gnoll, wielding a +0 flail (severely wounded, 84% to hit)
The blast of sand misses the gnoll. x2
The gnoll hits you from afar with a +0 spear.
* * * LOW HITPOINT WARNING * * *
The gnoll hits you with a +0 flail.
You die...

#.#.######..#.........#
###.#.# ##.#.........#
#...#.# ##.......#####
#. #.# #......###
#.###.# ####......#
#>##..###.........# ##.
#<#............#
#..##.#.###.##.....# .
#.#.)...# #@##.##### ..
###.#..#### #g#..#
..##.....## ##g#.##
...#...#.# #g...#
...).....######.#.##
......#.g.g.......#
........####.รท.####
.......#####.###
..........##.#


You could see 3 gnolls.

Vanquished Creatures
  4 adders
  2 worms (D:3)
  A dart slug (D:2)
  5 orcs
  6 bats
  8 endoplasms
  2 giant cockroaches
  3 goblins (D:1)
  7 hobgoblins
  2 quokkas
  7 ball pythons
  6 frilled lizards
  4 kobolds
  6 rats
63 creatures vanquished.

Notes
Turn   | Place    | Note
-------+----------+-------------------------------------------
     0 | D:1      | Atelerd the Octopode Earth Elementalist began the quest for
                  | the Orb.
     0 | D:1      | Reached XP level 1. HP: 11/11 MP: 3/3
    90 | D:1      | Reached skill level 3 in Stealth
    90 | D:1      | Reached XP level 2. HP: 17/17 MP: 0/5
   527 | D:1      | Reached XP level 3. HP: 21/21 MP: 4/6
  1534 | D:2      | Reached XP level 4. HP: 27/27 MP: 5/7
  1823 | D:3      | Learned a level 4 spell: Petrify
  2378 | D:3      | Reached skill level 4 in Stealth
  2420 | D:3      | Reached XP level 5. HP: 31/31 MP: 6/8
  2473 | D:3      | Slain by a gnoll

Illustrated notes

Levels and vault maps discovered:
D:1:      onia_arrival_mini_maze_b, layout_loops_ring, minmay_heptomino_w4
D:2:      minmay_spotlight, layout_loops_ring, columned_hall_lemuel
D:3:      layout_rooms, ebering_ecumenical_altar_rust, uniq_jessica

Skill      XL: |  1  2  3  4 |
---------------+-------------+-----
Stealth        | 3 4 |  4.0
Transmutations | 2 |  2.6
Dodging        | |  2.0
Spellcasting   | |  2.6
Earth Magic    | |  3.8

Action                     |  1- 3 |  4- 6 || total
---------------------------+-------+-------++-------
  Melee: Unarmed           |     7 |       ||     7
         Constrict         |    10 |     2 ||    12
         Dagger            |    32 |     6 ||    38
         Tentacles         |     7 |       ||     7
         Punch             |     2 |     1 ||     3
   Cast: Sandblast         |    38 |    37 ||    75
         Petrify           |       |     1 ||     1
   Stab: Sleeping          |     2 |     1 ||     3
 Armour: Skin              |     4 |     1 ||     5
  Dodge: Dodged            |    39 |    25 ||    64
